 Dungeon Crawl Stone Soup version 0.20-a0-927-g1ae2c61 (webtiles) character file.

114 Lifeless the Covered (level 4, -10/40 HPs)
             Began as a Minotaur Fighter on Mar 29, 2017.
             Mangled by an ogre
             ... wielding a +0 giant spiked club
              (22 damage)
             ... on level 3 of the Dungeon.
             The game lasted 00:12:07 (2528 turns).

Lifeless the Covered (Minotaur Fighter)             Turns: 2528, Time: 00:12:08

Health: -10/40     AC:  7    Str: 20    XL:     4   Next: 67%
Magic:  3/3        EV:  7    Int:  5    God:
Gold:   155        SH:  9    Dex: 11    Spells: 3/3 levels left

rFire    . . .     SeeInvis .   a - +0 long sword
rCold    . . .     Gourm    .   c - +0 shield
rNeg     . . .     Faith    .   b - +0 scale mail
rPois    .         Spirit   .   (helmet restricted)
rElec    .         Reflect  .   (no cloak)
rCorr    .         Harm     .   (no gloves)
MR       .....                  (no boots)
Stlth    ..........             (no amulet)
Regen    0.2/turn               (no ring)
MPRegen  0.1/turn               (no ring)

@: no status effects
A: retaliatory headbutt, horns 2
a: no special abilities


You were on level 3 of the Dungeon.
You were not hungry.

You visited 1 branch of the dungeon, and saw 4 of its levels.

You collected 155 gold pieces.

Inventory:

Hand Weapons
 a - a +0 long sword (weapon)
Armour
 b - a +0 scale mail (worn)
 c - a +0 shield (worn)
Scrolls
 e - 6 scrolls of identify {unknown}
 h - 8 scrolls of teleportation {unknown}
 j - a scroll of enchant weapon {unknown}
 l - a scroll of magic mapping {unknown}
 m - a scroll of amnesia {unknown}
 o - 2 scrolls of remove curse {unknown}
 s - a scroll of recharging {unknown}
Potions
 d - 2 potions of might
 g - 2 potions of ambrosia {unknown}
 k - a potion of lignification {unknown}
 n - 2 potions of curing {unknown}
 p - a potion of flight {unknown}
 r - a potion of heal wounds {unknown}
 u - a potion of cancellation {unknown}
 v - a potion of berserk rage {unknown}
Comestibles
 f - 2 bread rations
 i - 3 meat rations
 q - a fruit
 t - a royal jelly


   Skills:
 + Level 4.3 Fighting
 + Level 3.7 Long Blades
 + Level 4.5 Armour
 + Level 0.7 Dodging
 + Level 4.4 Shields


You had 3 spell levels left.
You didn't know any spells.

Dungeon Overview and Level Annotations

Branches:
Dungeon (4/15)
 Temple: D:4-7

Altars:
Makhleb

Annotations:
D:4 Robin


Innate Abilities, Weirdness & Mutations

You reflexively headbutt those who attack you in melee.
You have a pair of horns on your head.


Message History

Found an escape hatch in the floor.
A scorpion comes into view.
There is a stone staircase leading up here.
The ogre hits you with a giant spiked club!
* * * LOW HITPOINT WARNING * * *
You climb upwards.
There is a stone staircase leading down here.
The ogre barely misses you.
Okay, then.
There is an open door here.
There is an open door here.
There are no items here.
There is an open door here.
There is an open door here.
There is an open door here.
There is an open door here.
There is an open door here.
The ogre hits you with a giant spiked club!!
Ouch! That really hurt!
You die...

.............#########.#.......#
.......................#########
.........####'##########
.......[.#...)...#
.........#.##.##.#
.........#.#.#.#.###
.........'.[#♣#..'.#
.........#.#.#.#.#.#
.....#...#.##.##@#.####
.........#.....O.#....####
....#########'####.......##
....## #.........###.....#####
.....# ##......##..)..##......#
.....###........#####......<>.#
................# ####......#
.....####.......#### ##.....#
.....# ##.........# #.....#


You could see an ogre.

Vanquished Creatures
  3 adders
  An ooze (D:1)
  A worm (D:2)
  5 dart slugs
  2 leopard geckos
  3 orcs (D:3)
  5 bats
  3 giant cockroaches
  5 hobgoblins
  9 jackals
  4 kobolds
  A quokka (D:3)
  2 ball pythons (D:1)
  6 frilled lizards
  7 goblins
  6 rats
63 creatures vanquished.

Notes
Turn   | Place    | Note
-------+----------+-------------------------------------------
     0 | D:1      | Lifeless the Minotaur Fighter began the quest for the Orb.
     0 | D:1      | Reached XP level 1. HP: 19/19 MP: 0/0
   174 | D:1      | Reached XP level 2. HP: 26/27 MP: 1/1
   327 | D:1      | Reached XP level 3. HP: 31/33 MP: 2/2
  1841 | D:3      | Reached XP level 4. HP: 40/40 MP: 3/3
  1881 | D:3      | Found a burning altar of Makhleb.
  2383 | D:4      | Noticed Robin
  2435 | D:4      | Noticed an ogre
  2456 | D:4      | HP: 2/40 [ogre/giant spiked club (16)]
  2528 | D:3      | Mangled by an ogre

Vault maps used:
D:1:      saegor_arrival_simple_d
D:3:      nicolae_overflow_hidden_temple, kennysheep_generic_room_9
D:4:      yredelemnul_altar_generic, gup_sewer_entry_spiral, first_bread,
          roderic_lattice_a, uniq_robin, uniq_duvessa

Skill      XL: |  1  2  3 |
---------------+----------+-----
Shields        | 4 |  4.4
Armour         | 4 |  4.5
Long Blades    | 3 |  3.7
Fighting       | 4 |  4.3
Dodging        | |  0.7

Action                   |  1- 3 |  4- 6 || total
-------------------------+-------+-------++-------
Melee: Long sword        |   129 |    47 ||   176
       Headbutt          |    13 |     8 ||    21
  Eat: Chunk             |     3 |     2 ||     5
Armor: Scale mail        |    56 |    23 ||    79
Dodge: Dodged            |    33 |    17 ||    50
Block: Shield            |    63 |    24 ||    87
       Rpst.: Long sword |     9 |     3 ||    12
